Map: 亚历山大港 - 天梯版

Players

GogojOey - Winner!

  • Race: Zerg Zerg

Stephano

  • Race: Zerg Zerg

Event: WESG 2018 Grand Finals

VOD

Have the link to the VOD?

Description

Time

  • Played on: March 12, 2019, 5:01 a.m.
  • Length: 9:25

All games in this series

Show
View Real Time Build Order
Export as new Build Order

GogojOey Zerg - Winner!

Build Orders: Hatch First 

Get SALT Encoding   

  12  0:00  Drone  
  13  0:13  Overlord  
  13  0:18  Drone  
  14  0:31  Drone x2  
  14  0:35  Drone  
  17  0:53  Hatchery  
  17  0:56  Drone  
  17  0:59  Drone  
  18  1:04  Extractor  
  17  1:15  Spawning Pool  
  17  1:18  Drone  
  17  1:21  Drone  
  18  1:29  Drone  
  19  1:39  Overlord  
  19  1:50  Drone  
  20  2:00  Drone  
  21  2:05  Queen  
  21  2:06  Lair, Drone  
  24  2:10  Extractor  
  24  2:12  Drone  
  24  2:16  Drone  
  24  2:22  Drone  
  26  2:27  Drone  
  27  2:32  Drone  
  27  2:36  Roach Warren  
  27  2:37  Drone  
  27  2:41  Queen  
  30  2:50  Drone  
  31  2:52  Overlord  
  31  3:01  Drone x2  
  33  3:12  Drone x2  
  35  3:18  Spire  
  34  3:22  Drone x3  
  34  3:23  Drone  
  38  3:28  Extractor  
  38  3:30  Drone  
  38  3:31  Extractor  
  38  3:32  Drone  
  38  3:38  Drone  
  39  3:45  Overlord  
  39  3:50  Overlord  
  39  3:54  Overlord  
  39  3:55  Overlord  
  39  4:04  Overlord  
  39  4:08  Overlord  
  39  4:10  Drone x4  
  39  4:11  Drone  
  44  4:24  Drone x2  
  46  4:31  Mutalisk x3  
  46  4:34  Zerg Flyer Weapons Level 1, Mutalisk  
  54  4:38  Mutalisk  
  54  4:43  Mutalisk  
  58  4:52  Hatchery  
  57  4:58  Mutalisk  
  57  4:59  Mutalisk  
  61  5:07  Drone x2  
  63  5:08  Glial Reconstitution  
  63  5:11  Roach  
  65  5:14  Roach  
  65  5:15  Zergling x4  
  65  5:18  Roach  
  65  5:20  Roach  
  73  5:30  Overlord  
  73  5:32  Drone  
  73  5:34  Evolution Chamber  
  73  5:38  Roach x2  
  73  5:39  Roach x2  
  81  5:43  Drone x3  
  81  5:48  Overlord  
  84  5:56  Drone x2  
  86  5:57  Drone  
  86  6:03  Zerg Missile Weapons Level 1  
  87  6:04  Drone x2  
  87  6:05  Drone x4  
  93  6:15  Roach x2  
  93  6:16  Roach x2  
  101  6:25  Overlord  
  101  6:26  Overlord  
  101  6:28  Roach x2  
  106  6:32  Ravager  
  106  6:33  Overlord  
  106  6:36  Overlord  
  106  6:43  Roach  
  106  6:44  Roach x2  
  106  6:45  Roach x4  
  120  6:50  Drone x2  
  120  6:51  Queen  
  124  6:56  Overlord  
  124  6:58  Roach  
  124  7:00  Drone  
  127  7:02  Extractor  
  127  7:03  Roach x2  
  127  7:04  Roach  
  132  7:09  Roach x3  
  131  7:19  Roach x3  
  131  7:21  Roach x3  
  132  7:31  Roach  
  132  7:32  Roach x2  
  132  7:33  Ravager x3  
  137  7:41  Roach x4  
  123  7:46  Roach x2  
  106  7:53  Roach x2  
  106  7:58  Drone  
  107  8:03  Queen x2, Drone x2  
  113  8:06  Roach  
  113  8:09  Ravager x2  
  113  8:10  Ravager  
  113  8:11  Ravager  
  119  8:14  Roach  
  119  8:19  Roach  
  123  8:26  Roach  
  125  8:29  Drone x3  
  128  8:40  Roach x5  
  136  8:47  Roach x2  
  136  8:51  Roach  
  130  8:59  Roach x2  
  124  9:04  Roach  
  124  9:05  Roach x3  
Show
View Real Time Build Order
Export as new Build Order

Stephano Zerg 

Build Orders: Hatch First 

Get SALT Encoding   

  12  0:00  Drone  
  13  0:13  Overlord  
  13  0:18  Drone  
  14  0:31  Drone x2  
  16  0:49  Hatchery  
  15  0:52  Drone  
  15  0:56  Drone  
  17  0:59  Drone  
  18  1:09  Extractor  
  17  1:15  Spawning Pool  
  16  1:18  Drone  
  16  1:21  Drone  
  18  1:28  Drone  
  19  1:39  Drone  
  20  1:50  Drone  
  21  1:56  Evolution Chamber  
  20  2:01  Queen x2  
  20  2:02  Zergling x2  
  20  2:06  Overlord  
  25  2:13  Drone  
  25  2:14  Drone  
  27  2:22  Zerg Missile Weapons Level 1  
  27  2:24  Drone  
  27  2:28  Drone  
  29  2:33  Drone  
  29  2:36  Drone  
  31  2:42  Queen  
  33  2:46  Overlord  
  33  2:48  Drone  
  34  2:58  Drone x2  
  36  3:06  Extractor  
  36  3:08  Roach Warren  
  34  3:13  Drone  
  34  3:14  Overlord, Drone  
  34  3:15  Drone x2  
  38  3:22  Lair  
  38  3:26  Overlord  
  37  3:32  Spine Crawler  
  46  3:48  Roach x5  
  46  3:56  Roach x3  
  52  4:05  Overlord  
  52  4:12  Roach x3  
  58  4:20  Glial Reconstitution  
  58  4:28  Drone  
  58  4:29  Drone x2  
  61  4:34  Overlord, Drone  
  61  4:35  Drone x3  
  65  4:38  Overseer  
  65  4:40  Drone  
  65  4:43  Drone  
  67  4:47  Drone, Extractor  
  67  4:49  Drone  
  68  4:57  Zerg Missile Weapons Level 2  
  68  5:00  Drone x3  
  71  5:13  Overlord x2  
  69  5:27  Queen  
  69  5:28  Hatchery  
  68  5:31  Queen  
  68  5:32  Spore Crawler  
  65  5:36  Spore Crawler, Drone  
  63  5:43  Roach x2  
  63  5:44  Roach x3  
  71  6:02  Roach x3, Nydus Network  
  77  6:13  Overseer  
  74  6:20  Drone x2  
  74  6:21  Drone x2  
  74  6:23  Queen  
  74  6:24  Roach x2  
  84  6:25  Overlord x2  
  84  6:41  Overlord  
  84  6:49  Roach x4  
  92  6:54  Nydus Canal  
  92  6:57  Roach  
  92  6:58  Roach x2  
  98  7:06  Roach x3  
  104  7:09  Nydus Canal  
  102  7:18  Roach x2  
  104  7:28  Queen  
  106  7:31  Overlord x2  
  106  7:44  Hatchery  
  95  7:48  Roach x4  
  95  7:50  Queen  
  59  8:02  Roach x2  
  59  8:03  Queen  
  65  8:10  Roach x2  
  69  8:12  Extractor  
  69  8:16  Ravager x2  
  70  8:20  Roach  
  70  8:21  Roach  
  70  8:25  Queen  
  70  8:26  Roach x3  
  82  8:32  Roach x2  
  86  8:39  Queen  
  84  8:45  Roach x2  
  76  8:56  Roach x5  
  76  9:00  Roach  
  76  9:01  Roach  
Tags
 
Add a new tag
Caveats
  • Supply blocks, unpowered buildings, or Contaminate may cause inaccurate times.
  • Supply counts are checked every 10 seconds.